Buttercream, chaotic male elven Priest ...-- ... -...| -.... .. --...-- -H@..-- -------... |.....--- ......---.--.|..!.. --.......- ............[..... |........ ..........)...... |..<....-----..---.)...-- - --....................... ----------.|...-------------.--- --........).|---- --- |...--------- --.-- --- Buttercream the Adept Experience level: 9 Strength: 25 Dexterity: 17 Constitution: 17 Intelligence: 11 Wisdom: 19 Charisma: 12 Health: 0(72) Energy: 97(109) Def: 11 Gold: 0 Moves: 11700 Dungeon seed: vtcp5vpgt4PjqQYv Game ID: Buttercream_1615075982 Your Inventory: Amulets S - an amulet of reflection (being worn) Weapons a - a blessed corroded +1 mace (weapon in hand) b - a +0 bow (alternate weapon; not wielded) Q - a blessed +0 aklys Y - 33 +0 arrows (in quiver) Armor e - a blessed +0 robe (being worn) n - a blessed +0 small shield (being worn) r - a blessed +2 orcish helm (being worn) y - a +0 leather armor (being worn) z - a blessed +0 pair of high boots (being worn) B - a +0 pair of gauntlets of power (being worn) Rings C - a blessed +1 ring of gain constitution (on left hand) F - a ring of searching H - a ring of teleport control (on right hand) Wands p - a wand of teleportation (0:6) K - a wand of cold (0:3) N - a wand of speed monster (0:7) Tools o - a magic whistle A - a partly used wax candle (lit) (0:265) D - a fire horn (0:5) L - a +0 pick-axe R - a blessed bag of holding T - a skeleton key Gems q - a luckstone Contents of the bag of holding: 407 gold pieces a cursed amulet of restful sleep a +0 bow a +0 elven dagger a blessed +0 knife 7 blessed +1 ya a +0 pair of water walking boots a cursed +0 robe a banana a carrot 2 cloves of garlic 3 cream pies 12 food rations 6 fortune cookies a lembas wafer 3 lizard corpses 2 melons an orange 2 pancakes a pear 2 slime molds 2 sprigs of wolfsbane 8 tripe rations 6 scrolls of blank paper a blessed scroll of charging a scroll of earth a scroll of light a scroll of magic mapping 3 scrolls of remove curse 2 blessed scrolls of scare monster a scroll of scare monster a spellbook of create monster a spellbook of cure blindness a spellbook of detect monsters a spellbook of healing a cursed spellbook of healing a spellbook of light a spellbook of remove curse a cursed spellbook of remove curse a potion of extra healing a potion of gain energy 3 potions of holy water a blessed potion of object detection a potion of object detection a potion of see invisible a ring of conflict a ring of conflict a ring of conflict a ring of polymorph control a ring of shock resistance a ring of slow digestion a ring of slow digestion a ring of warning a wand of light (0:12) a wand of light (0:11) a wand of magic missile (0:0) a wand of polymorph (0:5) a wand of teleportation (0:5) a wand of wishing (0:1) a crystal ball (0:2) a blessed magic marker (0:44) a skeleton key a cursed skeleton key a tin opener a tinning kit (0:37) a tinning kit (0:36) 4 blessed wax candles (0:400) 6 wax candles (0:400) 7 wax candles (0:400) 8 cursed wax candles (0:400) an emerald a blessed luckstone Spells and supernatural/magical abilities: Name Level Category Fail Memory h - healing 1 healing 0% 48% l - light 1 divination 0% 54% n - detect monsters 1 divination 0% 93% r - remove curse 3 clerical 0% 42% B - cure blindness 2 healing 0% 42% O - create monster 2 clerical 0% 54% W - pray for help -- divine ? -- X - turn undead -- divine ? -- Your skills at the end: Fighting Skills Weapon Skills mace [Basic] Spellcasting Skills clerical spells [Basic] Final Attributes: You were piously aligned. You were sleep resistant. You had infravision. You had teleport control. You were fast. You had reflection. You were lucky. You had extra luck. Bad luck did not time out for you. Good luck did not time out for you. You are dead. Vanquished creatures: 2 ghosts a giant mimic a rock troll a water demon a hell hound pup 3 small mimics an ochre jelly a carnivorous ape a quivering blob 2 wolves a lynx 4 leprechauns 4 giant spiders 2 gnome kings 3 orc mummies 2 brown puddings a gold golem 3 lizards a dwarf lord a dust vortex 2 plains centaurs a gnome mummy 6 human zombies a rope golem a water nymph 2 mountain nymphs 2 rock piercers a rock mole 2 ponies 2 fog clouds a yellow light 4 shriekers a violet fungus 9 gnome lords 6 gnomish wizards a golden naga hatchling a guardian naga hatchling 2 gray oozes 3 elf zombies a ghoul 2 straw golems a paper golem 9 giant ants 3 floating eyes 2 kittens 12 dwarves 2 kobold lords 4 centipedes 6 monkeys 5 orc zombies 8 dwarf zombies 6 iguanas 2 killer bees 2 acid blobs 6 coyotes 5 gas spores 6 hobbits 2 manes a hobgoblin 5 giant rats 2 cave spiders 2 brown molds 5 yellow molds a red mold 34 gnomes 10 garter snakes 2 gnome zombies 8 geckos 7 jackals 2 foxes 7 goblins 12 sewer rats 15 grid bugs 3 bats 10 lichens 3 kobold zombies 6 newts 303 creatures vanquished. Voluntary challenges: You used a wielded weapon 538 times, starting on turn 90. You read items or engraved 27 times, starting on turn 1196. You never genocided any monsters. You never polymorphed an object. You never changed form. You used no wishes. You split 1 pudding, starting on turn 11558. You never wrote Elbereth's name. You violated your moral code, losing 1 point of alignment, starting on turn 4895. Dungeon overview: The Dungeons of Doom: levels 1 to 8 Level 1 a long staircase Level 2 a fountain stairs to The Gnomish Mines Level 3 Level 4 Level 5 a general store, a sink Level 6 many fountains Level 7 a general store stairs to Sokoban Level 8 The Gnomish Mines: levels 3 to 9 Level 3 stairs to The Dungeons of Doom Level 4 Level 5 Level 6 some shops, a temple to Chih Sung-tzu, some fountains, a sink Level 7 Level 8 Level 9 <- You were here Sokoban: levels 3 to 6 Level 3 Level 4 Level 5 Level 6 stairs to The Dungeons of Doom History has recorded: On T:1 you entered the Dungeons of Doom to retrieve the Amulet of Yendor! On T:264 you reached level 2 of The Dungeons of Doom. On T:522 you advanced to experience level 2. On T:688 you reached level 3 of The Dungeons of Doom. On T:935 you advanced to experience level 3. On T:1139 you reached level 1 of The Gnomish Mines. On T:1189 you advanced to experience level 4. On T:1640 you reached level 2 of The Gnomish Mines. On T:1660 you advanced to experience level 5. On T:2108 you reached level 3 of The Gnomish Mines. On T:2221 you advanced to experience level 6. On T:2419 you reached level 4 of The Gnomish Mines. On T:2691 you advanced to experience level 7. On T:3416 you reached level 4 of The Dungeons of Doom. On T:3659 you reached level 5 of The Dungeons of Doom. On T:4183 you reached level 6 of The Dungeons of Doom. On T:4355 you reached level 7 of The Dungeons of Doom. On T:4665 you reached level 8 of The Dungeons of Doom. On T:5187 you reached level 4 of Sokoban. On T:5477 you reached level 3 of Sokoban. On T:5589 you advanced to experience level 8. On T:6227 you reached level 2 of Sokoban. On T:6646 you reached level 1 of Sokoban. On T:9026 you reached level 5 of The Gnomish Mines. On T:9286 you reached level 6 of The Gnomish Mines. On T:9539 you reached level 7 of The Gnomish Mines. On T:9750 you advanced to experience level 9. Score breakdown: Gold: 407 ( 8880 points) Experience: 9 levels (15756 points) Exploration: 9 levels ( 17.65%) (12000 points) Discoveries: 85 items ( 29.72%) (16354 points) Valuables value: (no points given unless you survive) Artifact value: 0 ( 0 points) Variety of kills: 77 monsters ( 20.21%) (13486 points) Turncount: 11700 turns (-2610 points) Survival: died (score multiplied by 80%) Total score: 51092 Latest messages: That food really hit the spot! Your movements are now unencumbered. You stop eating. Never mind. You hit the dwarf lord! You kill the dwarf lord! You resume your meal. You finish eating the food ration. Never mind. The bolt of cold hits the minotaur! The minotaur hits! (2x) The minotaur butts! The minotaur hits! (2x) The minotaur butts! You die... Final status: Goodbye Buttercream the Priest, killed by a minotaur... You died in The Gnomish Mines on dungeon level 9 with 51092 points, and 407 pieces of gold, after 11700 moves. You were level 9 with a maximum of 72 hit points when you died.